 Dungeon Crawl Stone Soup version 0.18-a0-1126-ga2d7f46 (webtiles) character file.

30702 namelastname112 the Cruncher (level 13, -4/113 HPs)
             Began as a Red Draconian Wanderer on Jan 21, 2016.
             Was the Champion of Pakellas.
             Engulfed by a cloud of freezing vapour (13 damage)
             ... in an ice cave.
             The game lasted 00:39:17 (22332 turns).

namelastname112 the Cruncher (DrWn)                Turns: 22332, Time: 00:39:17

Health: -4/113     AC: 10    Str: 18    XL:     13   Next: 22%
Magic:  19/19      EV: 17    Int: 14    God:    Pakellas [******]
Gold:   628        SH:  0    Dex: 15    Spells: 0 memorised, 16 levels left

rFire  + + .     SeeInvis .     P - +1 quarterstaff (speed)
rCold  + . .     Gourm    +     (armour unavailable)
rNeg   . . .     Faith    .     (shield currently unavailable)
rPois  +         Spirit   .     (helmet restricted)
rElec  +         Dismiss  .     D - +0 cloak
rCorr  +         Reflect  .     (no gloves)
SustAt .         Harm     .     s - +0 pair of boots
MR     +....                    m - amulet of the gourmand
Stlth  ++........               u - +4 ring of strength
                                i - ring of protection from magic

@: resistant, slowed, very slow, somewhat resistant to hostile enchantments,
unstealthy
A: breathe fire, unfitting armour, fire resistance 1, low mp 1, cold-blooded, AC
+8
a: Breathe Fire, Quick Charge, Device Surge, Supercharge, Renounce Religion


You were in an ice cave.
You worshipped Pakellas.
Pakellas was exalted by your worship.
You were hungry.

You visited 3 branches of the dungeon, and saw 16 of its levels.
You also visited: Ice Cave and Volcano.

You collected 1078 gold pieces.
You spent 450 gold pieces at shops.

Inventory:

Hand Weapons
 b - a +0 blowgun
 P - a +1 quarterstaff of speed (weapon)
Missiles
 c - 76 poisoned needles
 h - 19 tomahawks
 o - a throwing net (quivered)
 y - 7 curare-tipped needles
 O - 7 needles of confusion
Armour
 s - a +0 pair of boots (worn)
 D - a +0 cloak (worn)
Rods
 U - a +7 iron rod (13/13)
   (Pakellas gifted it to you on level 8 of the Dungeon)
Jewellery
 i - a ring of protection from magic (left hand)
 m - an amulet of the gourmand (around neck)
 r - an uncursed ring of sustain attributes
 u - a +4 ring of strength (right hand)
 z - an uncursed ring of resist corrosion {unknown}
Wands
 k - a wand of enslavement (15/24)
 w - a wand of cold (8/15)
 I - a wand of magic darts (28/48)
 N - a wand of invisibility (8/9)
 S - a wand of random effects (20/48)
 T - a wand of digging (12/24)
Scrolls
 a - 4 scrolls of teleportation
 e - 2 scrolls of remove curse
 l - 2 scrolls of amnesia
 q - 2 scrolls of identify
 x - 2 scrolls of recharging
 B - 2 scrolls of blinking
 R - a scroll of vulnerability
Potions
 g - 3 potions of resistance
 n - a potion of magic
 v - a potion of cancellation
 A - a potion of flight
 C - 2 potions of might
 E - 3 potions of berserk rage
 F - 4 potions of brilliance
 H - a potion of curing
 L - 3 potions of agility
Books
 d - the Collected Works on Venom

   Spells                             Type                      Level
   a - Sting                          Conjuration/Poison           1
   b - Ignite Poison                  Fire/Transmutation/Poison    3
Miscellaneous
 t - a box of beasts {used: 4}
Comestibles
 f - 10 bread rations
 p - 12 beef jerkies
 K - 4 meat rations


   Skills:
 + Level 9.9 Fighting
 * Level 12.0 Staves
 + Level 8.3 Throwing
 + Level 8.6 Dodging
 - Level 1.2 Stealth
 - Level 2.0 Spellcasting
   Level 1.0 Transmutations
 * Level 11.4 Evocations


You had 16 spell levels left.
You didn't know any spells.

Dungeon Overview and Level Annotations

Branches:
Dungeon (12/15)            Temple (0/1) D:7            Lair (2/8) D:9
    Orc (2/2) D:9             Elf (0/3) Orc:2

Altars:
Kikubaaqudgha
Pakellas
The Shining One

Shops:
D:4 (   D:12 ?   Orc:2 (=

Annotations:
D:9 Josephine


Innate Abilities, Weirdness & Mutations

You can breathe blasts of fire.
Your fiery red scales are hard (AC +8).
Your body does not fit into most forms of armour.
Your flesh is heat resistant.
You are cold-blooded and may be slowed by cold attacks.
Your magical capacity is low (-10% MP).


Message History

You see here a gnarled jewelled staff.
a - 4 scrolls of teleportation (gained 1)
You have got your breath back.
You start resting.
Your juvenile stingshock beast disappears in a puff of smoke!
You are feeling hungry.
You see here a gnarled jewelled staff.
You are engulfed in freezing vapours.
You feel yourself slow down.
You are engulfed in freezing vapours.
You feel as though you will be slow longer.
You are engulfed in freezing vapours.
You are engulfed in freezing vapours.
You feel as though you will be slow longer.
* * * LOW HITPOINT WARNING * * *
Drink which item? (? for menu, Esc to quit)
You feel protected.
You are engulfed in freezing vapours.
You resist.
* * * LOW HITPOINT WARNING * * *
You are engulfed in freezing vapours.
You resist.
You die...

......##......##§.§§§.
....###......##§§§§§§.
....#........#§§...§§#
#.....##..####§....§#
###....##..§§§§...#
§§###.§...§.§§§.# #
§≈###§...§§§§##
###§§§§.#####§§§###
..####§§≈§≈≈###§@.##
.....##§########...##
#.....§...##..)##...##
##.#...........)###..#
######..##.....##...#
#...##....####..##
#...###.###...###
##....###....##
##........###


There were no monsters in sight!

Vanquished Creatures
  Erolcha (D:12)
  Erica (D:8)
  2 hydras
  4 hill giants
  3 deep elf magi
  5 orc knights
  2 orc sorcerers
  A cyclops (Orc:1)
  An ugly thing (D:12)
  A centaur zombie (D:12)
  2 ice statues (IceCv)
  2 spiny frogs (Lair:1)
  A gargoyle (D:10)
  2 komodo dragons
  A fire drake (Volcano)
  7 ice devils (IceCv)
  5 trolls
  3 two-headed ogres
  Sigmund (D:6)
  A shadow (D:10)
  5 wraiths
  15 yaks
  A fire bat (Volcano)
  Grum (D:10)
  3 hippogriffs
  A hungry ghost (D:9)
  A vampire mosquito (D:11)
  A mottled dragon (D:12)
  5 wolves
  2 wargs
  Edmund (D:4)
  5 water moccasins
  2 soldier ants (D:12)
  3 porcupines
  14 orc warriors
  2 sky beasts
  9 ice beasts
  6 phantoms
  A wasp (D:8)
  A necrophage (D:12)
  13 ogres
  4 centaurs
  3 crocodiles
  The ghost of M4edhros the Sneak, an amateur OpAr of Fedhas (D:3)
  3 big kobolds
  7 giant frogs
  A wyvern zombie (D:6)
  4 scorpions
  15 killer bees
  6 wights
  4 jellies
  6 crimson imps
  A giant frog zombie (D:11)
  7 hounds
  5 centaur skeletons
  3 giant frog skeletons
  8 orc priests
  12 orc wizards
  2 iguanas
  12 worker ants
  A killer bee zombie (D:6)
  5 worker ant zombies
  11 adders
  15 river rats
  5 white imps (IceCv)
  6 ufetubi (IceCv)
  An adder skeleton (D:7)
  2 worms
  4 giant geckos
  96 orcs
  A ball python (D:7)
  7 bats
  5 giant cockroaches
  7 goblins
  7 hobgoblins
  6 jackals
  23 kobolds
  7 quokkas
  A giant gecko skeleton (D:4)
  4 giant newts
  A jackal skeleton (D:5)
  6 rats
463 creatures vanquished.

Vanquished Creatures (collateral kills)
  2 deep elf magi (Volcano)
  An ice devil (IceCv)
  An orc warrior (Volcano)
4 creatures vanquished.

Vanquished Creatures (others)
  A cyclops (D:4)
  A hog (Volcano)
  3 white imps (IceCv)
  3 ufetubi (IceCv)
8 creatures vanquished.

Grand Total: 475 creatures vanquished

Notes
Turn   | Place    | Note
--------------------------------------------------------------
     0 | D:1      | namelastname112 the Draconian Wanderer began the quest for the Orb.
     0 | D:1      | namelastname112 set off with: a +2 quarterstaff, the Collected Works on Venom, 12 poisoned needles, a +0 blowgun, a bread ration
     0 | D:1      | Reached XP level 1. HP: 16/16 MP: 3/3
    99 | D:1      | Reached XP level 2. HP: 7/23 MP: 5/5
   750 | D:2      | Reached XP level 3. HP: 21/28 MP: 6/6
  1753 | D:3      | Noticed M4edhros's ghost (amateur OpAr)
  1763 | D:3      | Killed M4edhros's ghost
  1763 | D:3      | Reached skill level 3 in Staves
  1763 | D:3      | Reached XP level 4. HP: 29/37 MP: 7/7
  1763 | D:3      | Reached XP level 5. HP: 32/42 MP: 8/8
  2506 | D:4      | Found Pinuimp's Antique Weapon Emporium.
  2740 | D:4      | Reached XP level 6. HP: 37/50 MP: 9/9
  2938 | D:4      | Noticed Edmund
  2969 | D:4      | Killed Edmund
  2969 | D:4      | Reached skill level 4 in Staves
  3342 | D:4      | Found an oddly glowing altar of Pakellas.
  3343 | D:4      | Noticed a cyclops
  3346 | D:4      | Became a worshipper of Pakellas the Inventive
  3352 | D:4      | Killed a cyclops
  3371 | D:5      | Entered Level 5 of the Dungeon
  3581 | D:5      | Found a glowing golden altar of the Shining One.
  3991 | D:5      | Noticed an ice beast
  3995 | D:5      | Reached XP level 7. HP: 57/57 MP: 10/10
  3995 | D:5      | Your scales start taking on a fiery red colour.
  3995 | D:5      | Gained mutation: Your flesh is heat resistant. [Red Draconian growth]
  4672 | D:6      | Reached skill level 5 in Staves
  4769 | D:6      | Reached * piety under Pakellas
  4929 | D:6      | Noticed Sigmund
  4935 | D:6      | Killed Sigmund
  4935 | D:6      | Reached XP level 8. HP: 63/67 MP: 11/11
  5310 | D:7      | Found a staircase to the Ecumenical Temple.
  5486 | D:7      | Reached skill level 6 in Staves
  5757 | D:7      | Reached skill level 5 in Fighting
  6072 | D:7      | Reached ** piety under Pakellas
  6072 | D:7      | Received a gift from Pakellas
  6137 | D:7      | Reached skill level 5 in Dodging
  6194 | D:7      | Reached XP level 9. HP: 43/74 MP: 12/12
  6398 | D:7      | Reached skill level 5 in Evocations
  6943 | D:8      | Got a dazzling war axe
  6944 | D:8      | Identified the +6 war axe "Atzer" {freeze, rPois rN+ Str+5 Int-5} (You found it on level 8 of the Dungeon)
  6968 | D:8      | Reached skill level 7 in Staves
  6972 | D:8      | Reached *** piety under Pakellas
  7722 | D:8      | Reached skill level 5 in Throwing
  8010 | D:8      | Reached **** piety under Pakellas
  8010 | D:8      | Received a gift from Pakellas
  8509 | D:8      | Noticed Erica
  8522 | D:8      | Killed Erica
  8522 | D:8      | Reached skill level 8 in Staves
  8522 | D:8      | Reached XP level 10. HP: 71/84 MP: 13/15
  9018 | D:9      | Found a staircase to the Orcish Mines.
  9254 | D:9      | Found an ancient bone altar of Kikubaaqudgha.
  9257 | D:9      | Noticed a rust devil
  9590 | D:9      | Found a staircase to the Lair.
  9791 | D:10     | Entered Level 10 of the Dungeon
  9796 | D:10     | Reached ***** piety under Pakellas
  9838 | D:10     | Noticed a deep elf mage
  9903 | D:10     | Killed a deep elf mage
 10272 | D:10     | Noticed a hill giant
 10286 | D:10     | Killed a hill giant
 10520 | D:10     | Noticed Grum
 10528 | D:10     | Killed Grum
 10528 | D:10     | Reached skill level 9 in Staves
 10622 | D:10     | Noticed a hill giant
 11125 | D:10     | Reached XP level 11. HP: 92/92 MP: 17/17
 11356 | D:10     | Killed a hill giant
 12230 | D:11     | Noticed a hill giant
 12236 | D:11     | Noticed a seven-headed hydra
 12239 | D:11     | Killed a hill giant
 12256 | D:11     | Killed a seven-headed hydra
 12374 | D:11     | Reached skill level 10 in Staves
 12940 | D:12     | Found Wapt's Magic Scroll Emporium.
 13025 | D:12     | Noticed Erolcha
 13036 | D:12     | Killed Erolcha
 13243 | D:12     | Noticed a cyan ugly thing
 13251 | D:12     | Killed a cyan ugly thing
 13268 | D:12     | Gained mutation: Your body sometimes deteriorates upon taking damage. [potion of mutation]
 13268 | D:12     | Gained mutation: You have a pair of small horns on your head. [potion of mutation]
 13268 | D:12     | Gained mutation: Scrolls take you a little longer to read. [potion of mutation]
 13273 | D:12     | Gained mutation: Your magical capacity is low (-10% MP). [mutagenic meat]
 13518 | D:12     | Noticed a hill giant
 13533 | D:12     | Killed a hill giant
 14384 | Orc:1    | Entered Level 1 of the Orcish Mines
 14479 | Orc:1    | Noticed an orc sorcerer
 14484 | Orc:1    | Noticed an orc knight
 14485 | Orc:1    | Killed an orc sorcerer
 14485 | Orc:1    | Reached XP level 12. HP: 77/102 MP: 17/17
 14821 | Orc:1    | Noticed Josephine
 14839 | D:9      | Reached skill level 10 in Evocations
 15467 | Orc:2    | Entered Level 2 of the Orcish Mines
 15615 | Orc:2    | Reached ****** piety under Pakellas
 16469 | Orc:2    | Found Fipommufuf's Jewellery Boutique.
 16529 | Orc:2    | Reached skill level 11 in Staves
 16746 | Orc:2    | Bought an uncursed amulet of the gourmand for 450 gold pieces
 16758 | Orc:2    | Found Myrie's Weapon Shop.
 17337 | Orc:1    | Noticed an orc warlord
 17399 | Orc:1    | HP: 4/104 [warg (10)]
 17812 | Lair:1   | Entered Level 1 of the Lair of Beasts
 17844 | Lair:1   | Found a dark tunnel.
 17852 | Lair:1   | Received a gift from Pakellas
 17936 | Volcano  | Entered a volcano
 18510 | Lair:1   | Lost mutation: Scrolls take you a little longer to read. [potion of cure mutation]
 18510 | Lair:1   | Lost mutation: Your body sometimes deteriorates upon taking damage. [potion of cure mutation]
 18510 | Lair:1   | Lost mutation: You have a pair of small horns on your head. [potion of cure mutation]
 18527 | Lair:1   | Noticed a six-headed hydra
 18536 | Lair:1   | Killed a six-headed hydra
 19396 | Lair:1   | Reached XP level 13. HP: 54/112 MP: 19/19
 20059 | Lair:2   | Found a frozen archway.
 20125 | IceCv    | Entered an ice cave
 21487 | IceCv    | Reached skill level 12 in Staves
 22332 | IceCv    | Engulfed by a cloud of freezing vapour

Vault maps used:
D:1:      minmay_arrival_glassed_features, hex_large
D:2:      kennysheep_generic_room_7
D:4:      gammafunk_pakellas_spire_experiment, serial_shops, shop,
          kennysheep_dice, uniq_edmund
D:5:      nicolae_tso_carved_into_rock, first_bread
D:6:      uniq_sigmund
D:7:      grunt_ogre_cave
D:8:      uniq_erica
D:9:      lair_0_dummy, hiddenorc1_lemuel, lemuel_hellish_altar
D:10:     corexii_leaking_fountain, uniq_grum
D:11:     lightli_fourway_metalbox
D:12:     serial_shops, nicolae_shop_behind_doors, uniq_erolcha
Lair:1:   nicolae_volcano_entry_two_sided
Lair:2:   minmay_lair_oklob_chamber, portal_ice_cave_entry_ice_beasts,
          infiniplex_staircase_pool_2, grunt_megastairs_4
Orc:1:    uniq_josephine
Orc:2:    pubby_orc_utopia
IceCv:    ice_cave_small_demon
Volcano:  volcano_village

Action                   |  1- 3 |  4- 6 |  7- 9 | 10-12 | 13-15 || total
-------------------------+-------+-------+-------+-------+-------++-------
Melee: Quarterstaff      |    95 |   129 |   430 |  1062 |   180 ||  1896
       War axe           |       |       |    50 |       |       ||    50
 Fire: Blowgun           |       |    11 |       |       |       ||    11
Throw: Tomahawk          |       |       |    11 |    32 |     5 ||    48
       Throwing net      |       |       |       |       |     2 ||     2
Invok: Quick Charge      |       |       |       |     5 |       ||     5
 Abil: Breathe Fire      |       |       |     8 |    29 |    10 ||    47
Evoke: Rod               |       |       |       |    25 |     4 ||    29
       Wand              |       |       |       |     3 |     2 ||     5
       Box of beasts     |       |       |       |     2 |     2 ||     4
  Use: Potion            |       |       |     4 |     6 |     3 ||    13
       Scroll            |       |       |       |    31 |     1 ||    32
 Stab: Sleeping          |     1 |     3 |     3 |     5 |       ||    12
       Held in net/web   |       |       |       |       |     4 ||     4
  Eat: Chunk             |     3 |     5 |    17 |    34 |     8 ||    67
       Beef jerky        |       |       |     1 |       |       ||     1
       Royal jelly       |       |       |       |     1 |       ||     1
       Meat ration       |       |       |       |     3 |       ||     3
       Pizza             |       |       |       |     2 |       ||     2
       Bread ration      |       |       |       |     1 |       ||     1
